 Dungeon Crawl Stone Soup version 0.29-a0-492-g10b964d8d7 (webtiles) character file.

Game seed: 8825659217530788574

121 enhard the Vexing (level 4, 0/18 HPs)
             Began as a Spriggan Enchanter on May 27, 2022.
             Frozen to death by an endoplasm (2 damage)
             ... on level 2 of the Dungeon.
             The game lasted 00:05:15 (2411 turns).

enhard the Vexing (Spriggan Enchanter)              Turns: 2411, Time: 00:05:16

Health: 0/18       AC:  2    Str:  6    XL:     4   Next: 76%
Magic:  20/20      EV: 17    Int: 16    God:
Gold:   92         SH:  0    Dex: 15    Spells: 10/12 levels left

rFire   . . .      SeeInvis +   a - +1 dagger
rCold   . . .      Faith    .   (no shield)
rNeg    . . .      Spirit   .   b - +0 robe
rPois   .          Reflect  .   (helmet restricted)
rElec   .          Harm     .   (no cloak)
rCorr   .          Rampage  .   (gloves unavailable)
Will    .....      Clarity  +   (boots unavailable)
Stlth   +++.......              (no amulet)
HPRegen 0.06/turn               h - ring of flight
MPRegen 0.17/turn               j - ring of magical power

@: mighty, flying, very quick
A: very small, no large weapons, unfitting armour, see invisible, speed 3,
clarity, frail 1, mutation resistance 1
a: no special abilities


You were on level 2 of the Dungeon.
You visited 1 branch of the dungeon, and saw 2 of its levels.

You collected 92 gold pieces.

Inventory:

Hand Weapons
 a - a +1 dagger (weapon)
Missiles
 d - 6 poisoned darts
 e - 6 curare-tipped darts (quivered)
Armour
 b - a +0 robe (worn)
Jewellery
 h - a ring of flight (left hand)
 j - a ring of magical power (right hand)
Potions
 c - 2 potions of invisibility
 g - 2 potions of magic


   Skills:
 - Level 1.1 Short Blades
 - Level 2.6 Dodging
 - Level 4.4 Stealth
 + Level 4.7 Spellcasting
 + Level 5.4 Hexes


You had 10 spell levels left.
You knew the following spells:

 Your Spells              Type           Power      Damage    Failure   Level
a - Ensorcelled Hibernat  Hex/Ice        24%        N/A       8%          2

Your spell library contained the following spells:

 Spells                   Type           Power      Damage    Failure   Level
 Confusing Touch          Hex            21%        N/A       4%          3
 Tukima's Dance           Hex            21%        N/A       4%          3
 Dazzling Flash           Conj/Hex       24%        N/A       16%         3
 Portal Projectile        Hex/Tloc       24%        N/A       16%         3
 Airstrike                Air            1%         N/A       83%         4
 Summon Lightning Spire   Summ/Air       3%         N/A       83%         4
 Blade Hands              Tmut           1%         N/A       99%         5
 Lightning Bolt           Conj/Air       1%         1d12      99%         5


Dungeon Overview and Level Annotations

Branches:
Dungeon (2/15)

Altars:

Shops:
D:2 =


Innate Abilities, Weirdness & Mutations

You are very small and have problems with some larger weapons.
You are too small for most types of armour.
You have supernaturally acute eyesight. (SInv)
You cover ground extremely quickly. (Speed+++)
You possess an exceptional clarity of mind.
You are frail. (-10% HP)
You are somewhat resistant to further mutation.


Message History

You kill the hobgoblin!
The goblin hits you with a +0 dagger.
Unknown command.
Casting: Ensorcelled Hibernation (safe; 9% risk of failure)
Confirm with . or Enter, or press ? or * to list all spells.
Aiming: Ensorcelled Hibernation (safe; 9% risk of failure)
Press: ? - help, Shift-Dir - straight line, f - Robin
Aim: Robin, wielding a +0 dagger, wearing a +0 animal skin and wearing a +2 helmet (chance to affect: 54%) Robin looks drowsy...
The goblin barely misses you.
Unknown command.
The helpless Robin fails to defend themself.
You puncture Robin!
You kill Robin!
The goblin completely misses you.
You hit the goblin.
The goblin is severely wounded.
The goblin misses you.
You completely miss the goblin.
The goblin is severely wounded.
The hobgoblin hits you. The goblin barely misses you.
You are too injured to fight recklessly!
You hit the hobgoblin.
The hobgoblin is severely wounded.
The hobgoblin hits you. The goblin hits you with a +0 dagger.
* * * LOW HITPOINT WARNING * * *
Unknown command.
Unknown command.
The hobgoblin hits you.
* * * LOW HITPOINT WARNING * * *
An endoplasm comes into view.
It was a potion of mutation.
You feel extremely strange.
Your thoughts seem clearer.
You feel frail.
You feel genetically stable.
The endoplasm quivers.
It was a potion of might.
You feel very mighty all of a sudden.
Unknown command.
You barely miss the endoplasm. The endoplasm freezes you.
You are frozen.
You die...

##...# ##...?.##
........#########
.........gggg.g.#.#
>.......#######.#.#.#
.#.....#).g..g......#
##...##.####g....###
###### #### #.#
#J#.### #...†. #.#
##@#.# #.#### #)#
#....# #.# #.#
#..###########.###
#.# #..#
#...........## ####.#
#..# #.............
#..).# #..#
#..######.#.#. #.####
#..###..# #.#... #.
#.......# #.###. #.
#...##.## #.####


You could see an endoplasm, a hobgoblin and a goblin.

Vanquished Creatures
  Jessica (D:2)
  Robin (D:2)
  3 adders (D:2)
  2 dart slugs
  4 ball pythons
  8 endoplasms
  3 giant cockroaches
  8 goblins
  3 hobgoblins
  4 jackals (D:1)
  A kobold (D:2)
  3 quokkas (D:1)
  3 bats
  3 frilled lizards (D:1)
  2 rats (D:1)
49 creatures vanquished.

Notes
Turn   | Place    | Note
-------+----------+-------------------------------------------
     0 | D:1      | enhard the Spriggan Enchanter began the quest for the Orb.
     0 | D:1      | Reached XP level 1. HP: 9/9 MP: 5/5
   457 | D:1      | Reached skill level 4 in Hexes
   504 | D:1      | Reached XP level 2. HP: 13/13 MP: 7/7
   507 | D:1      | Learned a level 2 spell: Ensorcelled Hibernation
  1016 | D:1      | Reached XP level 3. HP: 8/16 MP: 9/9
  1950 | D:2      | Reached XP level 4. HP: 21/21 MP: 11/11
  1950 | D:2      | Noticed Jessica
  1966 | D:2      | Killed Jessica
  1967 | D:2      | Reached skill level 5 in Hexes
  2119 | D:2      | Found Bomuqak's Jewellery Boutique.
  2355 | D:2      | Noticed Robin
  2396 | D:2      | Killed Robin
  2403 | D:2      | Gained mutation: You possess an exceptional clarity of
                  | mind. [potion of mutation]
  2403 | D:2      | Gained mutation: You are frail. (-10% HP) [potion of
                  | mutation]
  2403 | D:2      | Gained mutation: You are somewhat resistant to further
                  | mutation. [potion of mutation]
  2411 | D:2      | Frozen to death by an endoplasm

Illustrated notes

Levels and vault maps discovered:
D:1:      dpeg_arrival_three_smaller_balls, layout_rooms
D:2:      layout_loops_ring, serial_shops, shop_fountains,
          shapermc_ecumenical_altar_venn, uniq_jessica, uniq_robin

Skill      XL: |  1  2  3  4 |
---------------+-------------+-----
Spellcasting   | 3 4 |  4.7
Hexes          | 4 5 |  5.4
Short Blades   | |  1.1
Dodging        | |  2.6
Stealth        | |  4.4

Action                   |  1- 3 |  4- 6 || total
-------------------------+-------+-------++-------
Melee: Dagger            |    98 |    43 ||   141
       Punch             |     2 |     1 ||     3
Throw: Dart              |     4 |       ||     4
 Cast: Ensorcelled Hiber |    13 |     4 ||    17
  Use: Scroll            |     4 |       ||     4
       Potion            |       |     2 ||     2
 Stab: Sleeping          |    15 |     2 ||    17
Armor: Robe              |    15 |     1 ||    16
Dodge: Dodged            |    88 |    29 ||   117

Table legend: (Time is in decaauts)
 A = Elapsed time spent in this place.
 B = Non-inter-level travel time spent in this place.
 C = Inter-level travel time spent in this place.
 D = Time resting spent in this place.
 E = Time spent auto-exploring this place.
 F = Levels seen in this place.
 G = Mean time per level.
                   A        B        C        D        E       F      G
               +--------+--------+--------+--------+--------+-----+--------+
         Total |   2033 |   1983 |     50 |    312 |   1363 |   2 | 1016.5 |
       Dungeon |   2033 |   1983 |     50 |    312 |   1363 |   2 | 1016.5 |
               +--------+--------+--------+--------+--------+-----+--------+

Top non-repeatable levels by time:
     D:1: 1320 daAuts
     D:2: 712 daAuts
